 Dungeon Crawl Stone Soup version 0.30.1-3-gfc49f6343a (webtiles) character file.

Game seed: 8971740114601797143

168 Babbit the Covered (level 5, -1/46 HPs)
             Began as a Minotaur Fighter on July 23, 2023.
             Succumbed to a scorpion's poison
             ... on level 3 of the Dungeon.
             The game lasted 00:11:02 (1679 turns).

Babbit the Covered (Minotaur Fighter)               Turns: 1679, Time: 00:11:03

Health: -1/46      AC:  7    Str: 23    XL:     5   Next: 24%
Magic:  2/4        EV:  9    Int:  5    God:
Gold:   170        SH:  4    Dex:  9    Spells: 4/4 levels left

rFire   . . .        a - +0 war axe
rCold   . . .        c - +0 buckler
rNeg    . . .        b - +0 scale mail
rPois   .            (helmet restricted)
rElec   .            (no cloak)
rCorr   .            (no gloves)
SInv    .            (no boots)
Will    .....        k - amulet of guardian spirit Stlth
                     (no ring)
HPRegen 0.27/turn    (no ring)
MPRegen 0.09/turn

%: guardian spirit
@: lethally poisoned (-1 -> -15)
A: horns 2, retaliatory headbutt
a: no special abilities


You were on level 3 of the Dungeon.
You visited 1 branch of the dungeon, and saw 3 of its levels.

You collected 170 gold pieces.

Inventory:

Hand Weapons
 a - a +0 war axe (weapon)
Missiles
 n - 3 boomerangs (quivered)
Armour
 b - a +0 scale mail (worn)
 c - a +0 buckler (worn)
Jewellery
 k - an amulet of guardian spirit (around neck)
Scrolls
 e - a scroll of silence {unknown}
 h - 3 scrolls of teleportation
 i - a scroll of poison {unknown}
 j - a scroll of summoning
 o - a scroll of enchant weapon {unknown}
Potions
 d - a potion of might
 f - a potion of curing {unknown}
 g - a potion of berserk rage
 l - a potion of magic
 m - a potion of heal wounds {unknown}
 p - 2 potions of invisibility {unknown}


   Skills:
 + Level 4.2 Fighting
 * Level 4.8 Axes
 + Level 0.1 Throwing
 + Level 4.8 Armour
 + Level 0.6 Dodging
 + Level 4.1 Shields


You had 4 spell levels left.
You didn't know any spells.
Your spell library contained the following spells:

 Spells                   Type           Power      Damage    Failure   Level
 Kiss of Death            Conj/Necr      0%         2d5       83%         1
 Confusing Touch          Hex            0%         N/A       99%         3
 Dispel Undead            Necr           0%         3d6       100%        4


Dungeon Overview and Level Annotations

Branches:
Dungeon (3/15)

Altars:
Makhleb

Shops:
D:3 *


Innate Abilities, Weirdness & Mutations

You have a pair of horns on your head.
You reflexively headbutt those who attack you in melee.


Message History

You are poisoned.
The scorpion poisons you!
You barely miss the scorpion. You headbutt the scorpion.
The scorpion is lightly wounded.
You feel very sick. The scorpion completely misses you.
You closely miss the scorpion. You headbutt the scorpion.
The scorpion is moderately wounded.
You feel sick. The scorpion stings you.
You are more poisoned.
The scorpion poisons you! The scorpion stings you.
You are lethally poisoned!
The scorpion poisons you!
You closely miss the scorpion.
You headbutt the scorpion, but do no damage.
The scorpion is moderately wounded.
* * * LOW HITPOINT WARNING * * *
You feel extremely sick.
The scorpion stings you but does no damage.
You block the scorpion's attack.
Okay, then.
As you read the scroll labelled MEILAV GURGHOEN, it crumbles to dust.
Wisps of shadow whirl around you...
It was a scroll of summoning.
* * * LOW HITPOINT WARNING * * *
You feel very sick. The scorpion completely misses you.
You swap places.
* * * LOW HITPOINT WARNING * * *
You feel very sick.
The scorpion closely misses your ball python.
Your ball python closely misses the scorpion.
Your ball python barely misses the scorpion.
Your orc wizard misses the scorpion.
Your orc hits the scorpion but does no damage.
Your orc priest mumbles some strange prayers to Beogh against the scorpion.
The scorpion is smitten.
The scorpion dies!
You have reached level 5!
You swap places.
You die...

#...###... #.#
#.###...###.# #.#
#.....###...# #..
#...###.....## #.. #.###
s....# #######._ #))|###
..g. ......... #....h###
..# #######.#
#......h###o##.######...
#.##..o@hS†w.........###
#.......ooo..######.##
############## #.# #.##
##.### ##<.. ####


You could see a friendly worm (summoned), 2 friendly orc priests, a friendly orc
wizard (summoned), 2 friendly orcs, 3 friendly jackals and a friendly ball
python (summoned).

Vanquished Creatures
  4 gnolls (D:3)
  An adder (D:3)
  4 dart slugs
  2 orcs (D:3)
  6 ball pythons
  A bat (D:3)
  4 endoplasms
  2 giant cockroaches
  3 goblins
  6 hobgoblins
  3 jackals (D:2)
  2 quokkas (D:2)
  4 frilled lizards
  3 kobolds
  3 rats (D:2)
48 creatures vanquished.

Vanquished Creatures (collateral kills)
  A scorpion (D:3)
1 creature vanquished.

Grand Total: 49 creatures vanquished

Notes
Turn   | Place    | Note
-------+----------+-------------------------------------------
     0 | D:1      | Babbit the Minotaur Fighter began the quest for the Orb.
     0 | D:1      | Reached XP level 1. HP: 19/19 MP: 0/0
   327 | D:1      | Reached XP level 2. HP: 27/27 MP: 1/1
   849 | D:2      | Found a faded altar of an unknown god.
   855 | D:2      | Reached XP level 3. HP: 31/33 MP: 2/2
  1305 | D:3      | Found a burning altar of Makhleb.
  1397 | D:3      | Found Cuossupp's General Store.
  1476 | D:3      | Reached XP level 4. HP: 37/40 MP: 3/3
  1668 | D:3      | Noticed a scorpion
  1678 | D:3      | HP: 1/40 [poisoned by a scorpion]
  1678 | D:3      | Killed a scorpion
  1679 | D:3      | Reached XP level 5. HP: 2/46 MP: 2/4
  1679 | D:3      | Succumbed to a scorpion's poison

Illustrated notes

Levels and vault maps discovered:
D:1:      minmay_arrival_stone_box, layout_loops_ring, minmay_misc_feat_encased
D:2:      layout_loops_ring, chequers_ecumenical_altar_island
D:3:      layout_loops_ring, bloody_makhleb, serial_shops, shop, minmay_unequal

Skill      XL: |  1  2  3  4 |
---------------+-------------+-----
Shields        | 4 |  4.1
Axes           | 3 4 |  4.8
Armour         | 4 |  4.8
Fighting       | 4 |  4.2
Throwing       | |  0.1
Dodging        | |  0.6

Action                     |  1- 3 |  4- 6 || total
---------------------------+-------+-------++-------
  Melee: War axe           |    86 |    14 ||   100
         Headbutt          |    16 |     4 ||    20
  Throw: Boomerang         |       |     3 ||     3
    Use: Scroll            |     3 |     1 ||     4
         Potion            |       |     1 ||     1
 Armour: Scale mail        |    25 |     7 ||    32
  Dodge: Dodged            |    39 |    20 ||    59
  Block: Buckler           |    23 |     6 ||    29
